 Dungeon Crawl Stone Soup version 0.29.1-2-gbd0b4ee654 (webtiles) character file.

Game seed: 6926801983984647731

118 qeuew the Ruffian (level 4, 0/36 HPs)
             Began as a Draconian Transmuter on Nov 4, 2022.
             Succumbed to an orc wizard's poison
             ... on level 3 of the Dungeon.
             The game lasted 00:04:33 (3118 turns).

qeuew the Ruffian (Draconian Transmuter)            Turns: 3118, Time: 00:04:33

Health: 0/36       AC:  5    Str: 14    XL:     4   Next: 72%
Magic:  7/7        EV: 12    Int: 13    God:
Gold:   137        SH:  5    Dex: 12    Spells: 4/7 levels left

rFire   + . .      SeeInvis .     - Unarmed
rCold   + . .      Faith    .   a - +2 buckler
rNeg    . . .      Spirit   .   (body armour unavailable)
rPois   +          Reflect  .   (helmet currently unavailable)
rElec   +          Harm     .   (no cloak)
rCorr   +          Rampage  .   (no gloves)
Will    .....                   (boots currently unavailable)
Stlth   +.........              (no amulet)
HPRegen 0.12/turn               (no ring)
MPRegen 0.10/turn               (no ring)

@: lethally poisoned (0 -> -8), appendages (expiring), resistant
A: horns 2, talons 2, AC +5, unfitting armour, cold-blooded, wild magic 1
a: End Transformation


You were on level 3 of the Dungeon.
You had temporarily grown beastly horns and talons.
You visited 1 branch of the dungeon, and saw 3 of its levels.

You collected 137 gold pieces.

Inventory:

Armour
 a - a +2 buckler (worn)
Scrolls
 d - a scroll of noise {unknown}
 e - a scroll of blinking
 f - a scroll of brand weapon {unknown}
 g - a scroll of torment {unknown}
 h - a scroll of identify
 i - a scroll of summoning
Potions
 b - a potion of resistance


   Skills:
 * Level 1.7 Fighting
 * Level 2.9 Dodging
 * Level 0.7 Shields
 + Level 4.0 Unarmed Combat
 * Level 2.3 Spellcasting
 * Level 2.4 Transmutations


You had 4 spell levels left.
You knew the following spells:

 Your Spells              Type           Power      Damage    Failure   Level
a - Beastly Appendage     Tmut           20%        N/A       17%         1
b - Wereblood             Tmut           10%        N/A       26%         2

Your spell library contained the following spells:

 Spells                   Type           Power      Damage    Failure   Level
 Apportation              Tloc           2%         N/A       41%         1
 Necrotise                Necr           4%         1d4       41%         1
 Summon Small Mammal      Summ           4%         N/A       41%         1
 Spider Form              Tmut/Pois      6%         N/A       61%         3
 Ice Form                 Ice/Tmut       6%         N/A       94%         4


Dungeon Overview and Level Annotations

Branches:
Dungeon (3/15)

Altars:


Innate Abilities, Weirdness & Mutations

You have temporarily grown beastly horns and talons.
Your plain brown scales are hard. (AC +5)
You cannot fit into any form of body armour.
You are cold-blooded and may be slowed by cold attacks.
Your spells are a little harder to cast, but a little more powerful.


Message History

The magic dart hits you.
You feel very sick. Something hits you.
You are lethally poisoned!
You feel better. Something hits you.
You are poisoned.
You feel sick.
You barely miss something. Your kick misses something.
You feel sick. Something hits you.
You are lethally poisoned!
You feel better. The ball python bites you. The ball python grabs you.
The ball python constricts you.
You hear some strange, mumbled words.
A magic dart appears from out of thin air!
The magic dart hits you.
You hit something. The ball python bites you. The ball python constricts you.
Something hits you but does no damage.
You are poisoned.
You feel protected.
You feel sick. The ball python closely misses you.
The ball python constricts you.
* * * LOW HITPOINT WARNING * * *
You block something's attack. You block the ball python's attack.
The ball python constricts you.
You hit something.
You feel sick. Something hits you but does no damage.
You are lethally poisoned!
The ball python barely misses you. The ball python constricts you.
You miss something. Your kick misses something. Your headbutt misses something.
Your tail-slap misses something.
* * * LOW HITPOINT WARNING * * *
You feel sick.
You hear some strange, mumbled words.
A puff of flame appears from out of thin air!
The puff of flame hits you. You resist.
* * * LOW HITPOINT WARNING * * *
The ball python bites you but does no damage.
The ball python constricts you.
You escape the ball python's grasp.
Something hits you but does no damage.
Your transformation is almost over.
You die...

#### ... ###.## ### #....
..########.#.###############
...........#...........<...# ####
..####......###.@...#....#.# #...
.............)...........#.# #.##
######......##.S{........#.# #.##
.# #########...........#.# #.## .#
##....#####.#.# #.## .# #....#
#.#.###[## .##############....#
#.#.....##
รท................>######.########
.########.####........#..........


You could see a ball python.

Vanquished Creatures
  An orc wizard (D:3)
  3 adders
  2 dart slugs
  8 orcs
  2 endoplasms (D:2)
  7 goblins
  2 hobgoblins
  4 jackals (D:1)
  6 kobolds
  5 ball pythons
  4 bats
  2 frilled lizards (D:2)
  10 rats
56 creatures vanquished.

Notes
Turn   | Place    | Note
-------+----------+-------------------------------------------
     0 | D:1      | qeuew the Draconian Transmuter began the quest for the Orb.
     0 | D:1      | Reached XP level 1. HP: 16/16 MP: 3/3
   184 | D:1      | Reached XP level 2. HP: 23/23 MP: 5/5
   375 | D:1      | Learned a level 2 spell: Wereblood
   420 | D:1      | Found a faded altar of an unknown god.
   924 | D:1      | Gained mutation: Your spells are a little harder to cast,
                  | but a little more powerful. [potion of mutation]
  1071 | D:2      | Reached XP level 3. HP: 18/28 MP: 6/6
  2720 | D:3      | Reached XP level 4. HP: 34/35 MP: 7/7
  2780 | D:3      | Reached skill level 4 in Unarmed Combat
  3117 | D:3      | HP: 1/36 [something/puff of flame (6)]
  3118 | D:3      | Succumbed to an orc wizard's poison

Illustrated notes

Levels and vault maps discovered:
D:1:      lemuel_arrival_river_bridge, layout_loops_cross,
          shapermc_ecumenical_altar_notcrosses
D:2:      layout_loops_ring, grunt_ministairs_11
D:3:      layout_basic

Skill      XL: |  1  2  3  4 |
---------------+-------------+-----
Dodging        | 2 |  2.9
Unarmed Combat | 4 |  4.0
Fighting       | |  1.7
Shields        | |  0.7
Spellcasting   | |  2.3
Transmutations | |  2.4

Action                   |  1- 3 |  4- 6 || total
-------------------------+-------+-------++-------
Melee: Unarmed           |   140 |    61 ||   201
       Tailslap          |    14 |     4 ||    18
       Punch             |     1 |       ||     1
 Cast: Wereblood         |     3 |     1 ||     4
       Beastly Appendage |       |     1 ||     1
  Use: Scroll            |     5 |       ||     5
       Potion            |     5 |     5 ||    10
Armor: Skin              |    46 |     9 ||    55
Dodge: Dodged            |    81 |    22 ||   103
Block: Buckler           |     5 |    11 ||    16
